 Dungeon Crawl Stone Soup version 0.30-a0-1066-g63dfefce0d (webtiles) character file.

Game seed: 9765009948926573851

46 GigaChad the Conjurer (level 3, -3/19 HPs)
             Began as a Deep Elf Conjurer on Apr 12, 2023.
             Slain by a gnoll
             ... wielding a +0 whip
              (8 damage)
             ... on level 2 of the Dungeon.
             The game lasted 00:01:29 (1239 turns).

GigaChad the Conjurer (Deep Elf Conjurer)           Turns: 1239, Time: 00:01:30

Health: -3/19      AC:  2    Str:  4    XL:     3   Next: 44%
Magic:  2/10       EV: 12    Int: 24    God:
Gold:   64         SH:  0    Dex: 13    Spells: 8/9 levels left

rFire   . . .      SeeInvis .    f - +0 dagger
rCold   . . .      Faith    .    (no shield)
rNeg    . . .      Spirit   .    a - +0 robe
rPois   .          Reflect  .    (no helmet)
rElec   .          Rampage  .    (no cloak)
rCorr   .                        (no gloves)
Will    .....                    (no boots)
Stlth   ++                       (no amulet)
HPRegen 0.23/turn                (no ring)
MPRegen 0.12/turn                (no ring)

@: no status effects
A: no striking features
a: no special abilities


You were on level 2 of the Dungeon.
You visited 1 branch of the dungeon, and saw 2 of its levels.

You collected 64 gold pieces.

Inventory:

Hand Weapons
 f - a +0 dagger (weapon)
Armour
 a - a +0 robe (worn)
Jewellery
 g - the ring of Yjanosk {*Slow rPois Will+ Int+4}
   (You found it on level 2 of the Dungeon)

   [ring of poison resistance]

   Int:       It affects your intelligence (+4).
   rPois:     It protects you from poison.
   *Slow:     It may slow you when you take damage.
   Will:      It increases your willpower.
Potions
 b - a potion of magic
 c - a potion of degeneration {unknown}
 d - a potion of ambrosia {unknown}
 e - a potion of curing {unknown}


   Skills:
 + Level 2.6 Dodging
 + Level 2.6 Stealth
 + Level 3.5 Spellcasting
 + Level 5.4 Conjurations


You had 8 spell levels left.
You knew the following spells:

 Your Spells              Type           Power      Damage    Failure   Level
a - Magic Dart            Conj           100%       1d8       1%          1

Your spell library contained the following spells:

 Spells                   Type           Power      Damage    Failure   Level
 Searing Ray              Conj           60%        2d6       1%          2
 Dazzling Flash           Conj/Hex       34%        N/A       11%         3
 Fulminant Prism          Conj/Hex       8%         3d7       34%         4
 Iskenderun's Mystic Bla  Conj/Tloc      17%        2d5       34%         4


Dungeon Overview and Level Annotations

Branches:
Dungeon (2/15)

Altars:

Shops:
D:1 [


Message History

You kill the gnoll!
A gnoll comes into view. It is wielding a +0 whip.
You have reached level 3!
Your experience leads to an increase in your attributes!
Increase (S)trength, (I)ntelligence, or (D)exterity?
You feel clever. x2
The magic dart hits the gnoll.
The gnoll is moderately wounded.
The magic dart hits the gnoll.
The gnoll is severely wounded.
A gnoll comes into view. It is wielding a +0 club.
The magic dart hits the gnoll.
You kill the gnoll!
The gnoll shouts!
The magic dart hits the gnoll.
The gnoll is moderately wounded.
You are out of magic!
You are out of magic!
You are out of magic!
You are out of magic!
The magic dart hits the gnoll.
The gnoll is heavily wounded.
You see here a bat corpse.
The gnoll attacks as you move away! The gnoll hits you with a +0 whip.
There is an open door here.
You closely miss the gnoll.
The gnoll is heavily wounded.
The gnoll hits you with a +0 whip.
You barely miss the gnoll.
The gnoll is heavily wounded.
The gnoll closely misses you.
You hit the gnoll but do no damage.
The gnoll is heavily wounded.
The gnoll hits you with a +0 whip.
* * * LOW HITPOINT WARNING * * *
The gnoll closely misses you.
You hit the gnoll.
The gnoll is heavily wounded.
The gnoll hits you with a +0 whip!
You die...

##...#.########.
#.....## #.# ##...##
#.# ##.## #.# #.#
#.# #†# #.# ##'##
#.## ##.gg##
#######..#
##..@>.###........#
##.......##.###.##.#
##
#.........#.##...#.#
.
+.........'........#
#.........#.##.....#
##.......##.###.##.#
##.....###........#
##...## #####.####
##'## #.#


You could see 2 gnolls.

Vanquished Creatures
  2 gnolls (D:2)
  A dart slug (D:1)
  3 bats
  3 endoplasms (D:1)
  3 goblins (D:1)
  A hobgoblin (D:1)
  3 jackals (D:1)
  2 quokkas
  2 frilled lizards
  4 rats
24 creatures vanquished.

Vanquished Creatures (others)
  A withered plant (D:1)
1 creature vanquished.

Grand Total: 25 creatures vanquished

Notes
Turn   | Place    | Note
-------+----------+-------------------------------------------
     0 | D:1      | GigaChad the Deep Elf Conjurer began the quest for the Orb.
     0 | D:1      | Reached XP level 1. HP: 10/10 MP: 6/6
   196 | D:1      | Reached XP level 2. HP: 15/15 MP: 5/8
   532 | D:1      | You fall into a shaft and drop 1 floor!
   559 | D:2      | Reached skill level 5 in Conjurations
   640 | D:1      | Found Keaxit's Antique Armour Shop.
   707 | D:1      | Found a faded altar of an unknown god.
  1115 | D:2      | Identified the ring of Yjanosk {*Slow rPois Will+ Int+4}
  1218 | D:2      | Reached XP level 3. HP: 19/19 MP: 4/9
  1239 | D:2      | Slain by a gnoll

Illustrated notes

Levels and vault maps discovered:
D:1:      lightli_iron_boxes, layout_basic,
          shapermc_ecumenical_altar_flowoftime, serial_shops,
          nicolae_shop_waterfront, hex_intersection
D:2:      layout_loops_corners, minmay_heptomino_w4

Skill      XL: |  1  2 |
---------------+-------+-----
Conjurations   | 5 |  5.4
Dodging        | |  2.6
Stealth        | |  2.6
Spellcasting   | |  3.5

Action                     || total
---------------------------++-------
  Melee: Unarmed           ||     1
         Dagger            ||     4
   Cast: Magic Dart        ||    47
 Armour: Robe              ||     1
  Dodge: Dodged            ||     5

Table legend: (Time is in decaauts)
 A = Elapsed time spent in this place.
 B = Non-inter-level travel time spent in this place.
 C = Inter-level travel time spent in this place.
 D = Time resting spent in this place.
 E = Time spent auto-exploring this place.
 F = Levels seen in this place.
 G = Mean time per level.
                   A        B        C        D        E       F      G
               +--------+--------+--------+--------+--------+-----+--------+
         Total |   1238 |   1220 |     18 |      0 |   1061 |   2 |  619.0 |
       Dungeon |   1238 |   1220 |     18 |      0 |   1061 |   2 |  619.0 |
               +--------+--------+--------+--------+--------+-----+--------+

Top non-repeatable levels by time:
     D:1: 963 daAuts
     D:2: 274 daAuts
